[Event "HUN-ch U8-U18 2019"]
[Site "Balatonlelle"]
[Date "2019.06.26"]
[Round "7.23"]
[White "Makay, Mark Janos"]
[Black "Herczeg, Marcell"]
[Result "1/2-1/2"]
[ECO "C54"]
[WhiteElo "1354"]
[BlackElo "1783"]
[Annotator "NA RC"]
[PlyCount "48"]
[EventDate "2019.06.21"]
[EventType "swiss"]
[EventCountry "HUN"]
[SourceTitle "playchess.com"]
[Source "ChessBase"]
[SourceQuality "1"]
[TimeControl "40/5400+30:1800+30"]

1. e4 e5 2. Nf3 Nc6 3. Bc4 Bc5 4. c3 Nf6 5. d4 exd4 6. e5 d5 7. Bb5 Ne4 8. cxd4 Bb4+ 9. Bd2 Nxd2 10. Nbxd2 O-O 11. Bxc6 bxc6 12. Rc1 Bd7 13. O-O Re8 14. a3 Ba5 15. Nb3 Bb6 16. Nc5 Bxc5 17. Rxc5 Re6 18. Ne1 Rg6 19. f4 Bf5 20. Nf3 Rb8 21. b4 Rb6 22. Qe1 Bd3 23. Rf2 Ra6 24. Rc3 Bf5 1/2-1/2

[Event "HUN-ch U8-U18 2019"]
[Site "Balatonlelle"]
[Date "2019.06.26"]
[Round "7.24"]
[White "Megyaszai, Balazs"]
[Black "Szabo, Marton Nandor"]
[Result "1-0"]
[ECO "B72"]
[WhiteElo "1905"]
[BlackElo "1665"]
[Annotator "NA RC"]
[PlyCount "53"]
[EventDate "2019.06.21"]
[EventType "swiss"]
[EventCountry "HUN"]
[SourceTitle "playchess.com"]
[Source "ChessBase"]
[SourceQuality "1"]
[TimeControl "40/5400+30:1800+30"]

1. e4 c5 2. Nf3 d6 3. d4 cxd4 4. Nxd4 Nf6 5. Nc3 Nc6 6. Be2 g6 7. Be3 Bg7 8. Qd2 O-O 9. O-O-O d5 10. Nxc6 bxc6 11. exd5 cxd5 12. Bf3 e6 13. h4 h5 14. Bd4 Re8 15. Rhe1 Qd6 16. Bxf6 Bxf6 17. Nxd5 exd5 18. Rxe8+ Kg7 19. Bxd5 Rb8 20. Bb3 Qc5 21. Qd6 Qxd6 22. Rxd6 Bxh4 23. g3 Bg5+ 24. f4 Bf6 25. a4 h4 26. gxh4 Bxh4 27. Kb1 1-0

[Event "HUN-ch U8-U18 2019"]
[Site "Balatonlelle"]
[Date "2019.06.26"]
[Round "7.24"]
[White "Kovacsi, Sara Kata"]
[Black "Bodo, Boglarka"]
[Result "1/2-1/2"]
[ECO "E18"]
[WhiteElo "1570"]
[BlackElo "1646"]
[Annotator "NA RC"]
[PlyCount "89"]
[EventDate "2019.06.21"]
[EventType "swiss"]
[EventCountry "HUN"]
[SourceTitle "playchess.com"]
[Source "ChessBase"]
[SourceQuality "1"]
[TimeControl "40/5400+30:1800+30"]

1. c4 e6 2. Nf3 Nf6 3. g3 b6 4. Bg2 Bb7 5. O-O Be7 6. d4 O-O 7. Nc3 Ne4 8. Qc2 Nxc3 9. bxc3 f5 10. h4 Be4 11. Qb3 Nc6 12. Ng5 Na5 13. Qa4 Bxg2 14. Kxg2 h6 15. Nf3 Bf6 16. c5 Nc6 17. Qc4 Na5 18. Qa4 c6 19. Bf4 b5 20. Qc2 Nc4 21. Rad1 Qa5 22. Ne5 Bxe5 23. Bxe5 Qa3 24. Qb3 Qxb3 25. axb3 Na5 26. Rb1 Nb7 27. Rb2 d6 28. cxd6 Rfd8 29. Ra1 Nxd6 30. Bxd6 Rxd6 31. Rba2 Rd7 32. Ra6 Rc7 33. b4 Kf7 34. Kf3 Ke7 35. Ke3 Kd6 36. Kd3 g5 37. hxg5 hxg5 38. c4 Rb7 39. cxb5 Rxb5 40. Kc4 Rab8 41. R1a4 Rh8 42. e3 Rh2 43. Ra2 Rh1 44. Rc2 Rb1 45. Ra4 {[%emt 0:02:58] Ke5} 1/2-1/2

[Event "HUN-ch U8-U18 2019"]
[Site "Balatonlelle"]
[Date "2019.06.26"]
[Round "7.25"]
[White "Szarka, Tibor"]
[Black "Gulacsi, Donat Ferenc"]
[Result "1-0"]
[ECO "B13"]
[WhiteElo "1379"]
[BlackElo "1638"]
[Annotator "NA RC"]
[PlyCount "119"]
[EventDate "2019.06.21"]
[EventType "swiss"]
[EventCountry "HUN"]
[SourceTitle "playchess.com"]
[Source "ChessBase"]
[SourceQuality "1"]
[TimeControl "40/5400+30:1800+30"]

1. e4 c6 2. d4 d5 3. exd5 cxd5 4. Bd3 Nc6 5. c3 Nf6 6. Bf4 e6 7. Nd2 Bd6 8. Bg3 O-O 9. Ngf3 a6 10. a4 Re8 11. O-O e5 12. dxe5 Nxe5 13. Nxe5 Bxe5 14. Bxe5 Rxe5 15. Qb3 Qd6 16. Rfe1 Rh5 17. g3 Bd7 18. Qxb7 Rb8 19. Qxa6 Rb6 20. Qa8+ Rb8 21. Qa6 Qxa6 22. Bxa6 Rxb2 23. Rab1 Rxb1 24. Rxb1 Bxa4 25. Rb8+ Be8 26. Bb5 Re5 27. Nf3 Re7 28. Nd4 Kf8 29. Nf5 Re1+ 30. Kg2 g6 31. Ne3 Rb1 32. Nxd5 Rxb5 33. Rxb5 Bxb5 34. Nxf6 Bc6+ 35. Kf1 Ke7 36. Ng4 Kd6 37. Ke1 h5 38. Ne3 Bd7 39. f4 Kc5 40. Kd2 Bb5 41. Nc2 Bf1 42. Ne1 Bb5 43. Nf3 Bc4 44. Ne5 Be6 45. Ke3 Ba2 46. g4 hxg4 47. Nxg4 Be6 48. Ne5 Bd5 49. h4 Be6 50. f5 Bxf5 51. Nxf7 Be6 52. Ne5 Bf5 53. Kf4 Kd5 54. h5 Bc2 55. Nxg6 Ke6 56. Kg5 Kf7 57. c4 Kg7 58. c5 Be4 59. h6+ Kh7 60. Ne7 1-0

[Event "HUN-ch U8-U18 2019"]
[Site "Balatonlelle"]
[Date "2019.06.26"]
[Round "7.26"]
[White "Andras, Ferenc"]
[Black "Marjanovic, Alex"]
[Result "0-1"]
[ECO "C58"]
[WhiteElo "1329"]
[BlackElo "1629"]
[Annotator "NA RC"]
[PlyCount "88"]
[EventDate "2019.06.21"]
[EventType "swiss"]
[EventCountry "HUN"]
[SourceTitle "playchess.com"]
[Source "ChessBase"]
[SourceQuality "1"]
[TimeControl "40/5400+30:1800+30"]

1. e4 e5 2. Nf3 Nc6 3. Bc4 Nf6 4. Ng5 d5 5. exd5 Na5 6. Bb5+ c6 7. dxc6 bxc6 8. Bd3 Nd5 9. Ne4 f5 10. Ng3 e4 11. Be2 Be7 12. Nc3 O-O 13. d3 Bb4 14. Bd2 exd3 15. Bxd3 f4 16. Nge4 Nb7 17. Nxd5 Bxd2+ 18. Qxd2 cxd5 19. Nc3 Qg5 20. O-O-O d4 21. Bc4+ Kh8 22. Ne4 Qg6 23. Qxd4 Bf5 24. Bd5 Rad8 25. Qa4 Rxd5 26. Rxd5 Bxe4 27. Rd2 a6 28. f3 Bf5 29. Qb4 Qf7 30. Kb1 Rc8 31. Rhd1 h6 32. Qxf4 Bxc2+ 33. Rxc2 Qxf4 34. Rxc8+ Kh7 35. Rdc1 Qxh2 36. R8c7 Nd6 37. R7c2 Qg3 38. b4 Nb5 39. Kb2 Qe5+ 40. Kb3 Qe3+ 41. Kb2 Qa3+ 42. Ka1 Qxb4 43. Rc4 Qd2 44. R4c2 Qd4+ 0-1

[Event "HUN-ch U8-U18 2019"]
[Site "Balatonlelle"]
[Date "2019.06.26"]
[Round "7.27"]
[White "Karacsonyi, Bank"]
[Black "Matyassy, Lazar"]
[Result "1-0"]
[ECO "B35"]
[WhiteElo "1529"]
[BlackElo "1539"]
[Annotator "NA RC"]
[PlyCount "61"]
[EventDate "2019.06.21"]
[EventType "swiss"]
[EventCountry "HUN"]
[SourceTitle "playchess.com"]
[Source "ChessBase"]
[SourceQuality "1"]
[TimeControl "40/5400+30:1800+30"]

1. e4 c5 2. Nf3 g6 3. d4 Bg7 4. Nc3 cxd4 5. Nxd4 Nc6 6. Be3 Nf6 7. Bc4 O-O 8. h3 d6 9. Qd2 Bd7 10. O-O-O a6 11. h4 b5 12. Nxc6 Bxc6 13. Bd5 Bxd5 14. exd5 Ng4 15. Bd4 Bh6 16. f4 e5 17. dxe6 fxe6 18. g3 e5 19. Be3 Nxe3 20. Qxe3 Rxf4 21. Kb1 Rxh4 22. Qf3 Rxh1 23. Rxh1 Qf8 24. Qd5+ Kh8 25. Rxh6 Qxh6 26. Qxa8+ Kg7 27. Qb7+ Kf6 28. Qc6 Ke7 29. Nd5+ Ke6 30. Nc7+ Kf5 31. Qf3+ 1-0

[Event "HUN-ch U8-U18 2019"]
[Site "Balatonlelle"]
[Date "2019.06.26"]
[Round "7.28"]
[White "Vadkerti, Vince"]
[Black "Giang, Tran Nam"]
[Result "0-1"]
[ECO "B40"]
[WhiteElo "1558"]
[BlackElo "2008"]
[Annotator "NA RC"]
[PlyCount "38"]
[EventDate "2019.06.21"]
[EventType "swiss"]
[EventCountry "HUN"]
[SourceTitle "playchess.com"]
[Source "ChessBase"]
[SourceQuality "1"]
[TimeControl "40/5400+30:1800+30"]

1. e4 c5 2. Nf3 e6 3. d4 cxd4 4. Nxd4 Qb6 5. Nb3 Qc7 6. Nc3 a6 7. Be3 Nf6 8. Qf3 Nc6 9. Nd4 Bb4 10. Nxc6 Qxc6 11. Bd2 d5 12. e5 Ne4 13. Nxe4 dxe4 14. Qe2 Be7 15. Bc3 O-O 16. O-O-O b5 17. h4 Bb7 18. a3 Bxa3 19. bxa3 Qxc3 0-1

[Event "HUN-ch U8-U18 2019"]
[Site "Balatonlelle"]
[Date "2019.06.26"]
[Round "7.29"]
[White "Foldes, Marton Gabor"]
[Black "Panda, Barnabas"]
[Result "1-0"]
[ECO "B88"]
[WhiteElo "1653"]
[BlackElo "1722"]
[Annotator "NA RC"]
[PlyCount "33"]
[EventDate "2019.06.21"]
[EventType "swiss"]
[EventCountry "HUN"]
[SourceTitle "playchess.com"]
[Source "ChessBase"]
[SourceQuality "1"]
[TimeControl "40/5400+30:1800+30"]

1. e4 c5 2. Nf3 Nc6 3. d4 cxd4 4. Nxd4 Nf6 5. Nc3 d6 6. Bc4 e6 7. O-O Be7 8. Be3 a6 9. Qe2 Qc7 10. Bb3 b5 11. Nxc6 Qxc6 12. a4 b4 13. a5 Nd7 14. Nd5 Bb7 15. Ba4 Qc8 16. Nb6 Qc7 17. Bxd7+ 1-0

[Event "HUN-ch U8-U18 2019"]
[Site "Balatonlelle"]
[Date "2019.06.26"]
[Round "7.30"]
[White "Havasi, Gergely Bulcsu"]
[Black "Toth, Barnabas"]
[Result "0-1"]
[ECO "A05"]
[WhiteElo "1486"]
[BlackElo "1363"]
[Annotator "NA RC"]
[PlyCount "130"]
[EventDate "2019.06.21"]
[EventType "swiss"]
[EventCountry "HUN"]
[SourceTitle "playchess.com"]
[Source "ChessBase"]
[SourceQuality "1"]
[TimeControl "40/5400+30:1800+30"]

1. Nf3 Nf6 2. g3 g6 3. Bg2 Bg7 4. O-O O-O 5. c3 c5 6. Re1 d6 7. d4 Na6 8. e4 Bg4 9. Qd3 cxd4 10. cxd4 Rc8 11. Bd2 Qb6 12. Bc3 Nb4 13. Qd2 Nc6 14. d5 Nb8 15. h3 Bxf3 16. Bxf3 Qc7 17. Na3 a6 18. Rac1 Qd8 19. Rc2 Nbd7 20. Rec1 Nc5 21. Bxf6 Bxf6 22. b4 Nxe4 23. Bxe4 Rxc2 24. Qxc2 Qb6 25. Qb3 Bd4 26. Rf1 Rc8 27. b5 f5 28. Bg2 Rc3 29. Nc4 Qc5 30. Qd1 Rxc4 31. bxa6 bxa6 32. Qe1 Be5 33. Kh1 f4 34. gxf4 Rxf4 35. Qd2 Qb4 36. Qe3 Rf6 37. Rc1 Qf4 38. Qxf4 Rxf4 39. Kg1 Bd4 40. Rc2 Kf7 41. Re2 Be5 42. Rc2 Rd4 43. Kf1 a5 44. Rc1 Rd2 45. Ke1 Rxa2 46. Bf3 Ra3 47. Bg4 Kf6 48. Rc4 Rd3 49. Be6 Rd4 50. Rc8 Kg5 51. Re8 Bf6 52. Bg8 h6 53. Bf7 Kf5 54. Be6+ Kf4 55. Rb8 Rb4 56. Ra8 Rc4 57. Ke2 Rc5 58. Rb8 Rc2+ 59. Kf1 Bh4 60. Rf8+ Bf6 61. Ra8 Ra2 62. Rc8 h5 63. Rc4+ Kf3 64. Kg1 Ra1+ 65. Kh2 Be5+ 0-1

[Event "HUN-ch U8-U18 2019"]
[Site "Balatonlelle"]
[Date "2019.06.26"]
[Round "7.31"]
[White "Varga, Boldizsar"]
[Black "Csernyik, Mark"]
[Result "1-0"]
[ECO "B30"]
[WhiteElo "1804"]
[BlackElo "1704"]
[Annotator "NA RC"]
[PlyCount "75"]
[EventDate "2019.06.21"]
[EventType "swiss"]
[EventCountry "HUN"]
[SourceTitle "playchess.com"]
[Source "ChessBase"]
[SourceQuality "1"]
[TimeControl "40/5400+30:1800+30"]

1. e4 c5 2. Nf3 Nc6 3. Nc3 d6 4. Bb5 Bd7 5. O-O a6 6. Bxc6 Bxc6 7. d4 cxd4 8. Nxd4 e5 9. Nxc6 bxc6 10. f4 Qb6+ 11. Kh1 Nf6 12. fxe5 dxe5 13. Rb1 Be7 14. Qe2 O-O 15. Be3 Qa5 16. a3 Rab8 17. Bd2 Qc7 18. Qxa6 Rb6 19. Qa5 Qb7 20. Qa4 Rxb2 21. h3 Rb6 22. Rxb6 Qxb6 23. Na2 Nh5 24. Be1 Qe3 25. Qxc6 Bc5 26. Qb5 Nf4 27. Nc3 Bd4 28. Nd5 Nxd5 29. exd5 Rd8 30. Ba5 Rf8 31. d6 Qxa3 32. d7 Qe7 33. Bb4 Qd8 34. Bxf8 Kxf8 35. Qb4+ Kg8 36. Qd6 Bb6 37. Rd1 Bc7 38. Qxc7 1-0

[Event "HUN-ch U8-U18 2019"]
[Site "Balatonlelle"]
[Date "2019.06.26"]
[Round "7.32"]
[White "Lehocz, Jozsef Jr."]
[Black "Pasti, Zsombor"]
[Result "1-0"]
[ECO "A01"]
[WhiteElo "1382"]
[BlackElo "1641"]
[Annotator "NA RC"]
[PlyCount "71"]
[EventDate "2019.06.21"]
[EventType "swiss"]
[EventCountry "HUN"]
[SourceTitle "playchess.com"]
[Source "ChessBase"]
[SourceQuality "1"]
[TimeControl "40/5400+30:1800+30"]

1. b3 e5 2. Bb2 Nc6 3. e3 d5 4. Bb5 Bd6 5. f4 f6 6. fxe5 fxe5 7. Bxe5 Qh4+ 8. g3 Qe4 9. Bxg7 Bg4 10. Bd3 Qxh1 11. Qxg4 Qxg1+ 12. Bf1 Nf6 13. Qe6+ Be7 14. Bxh8 Ne4 15. Qf5 Nb4 16. Na3 Qxh2 17. O-O-O Nd3+ 18. Bxd3 Bxa3+ 19. Kb1 Nxd2+ 20. Ka1 Qxg3 21. Qh5+ Kd7 22. Qxd5+ Ke7 23. Bc3 Rd8 24. Qf5 Rf8 25. Qxh7+ Rf7 26. Qh5 Nf3 27. Rf1 c6 28. Bc4 Rf8 29. Qh7+ Ke8 30. Qe4+ Kd8 31. Rd1+ Kc8 32. Ba5 Qg7+ 33. c3 b6 34. Qxc6+ Kb8 35. Bd5 Qg2 36. Qb7# 1-0

[Event "HUN-ch U8-U18 2019"]
[Site "Balatonlelle"]
[Date "2019.06.26"]
[Round "7.33"]
[White "Csontos, Aron"]
[Black "Megyeri, Martin"]
[Result "1-0"]
[ECO "B30"]
[WhiteElo "1376"]
[BlackElo "1520"]
[Annotator "NA RC"]
[PlyCount "115"]
[EventDate "2019.06.21"]
[EventType "swiss"]
[EventCountry "HUN"]
[SourceTitle "playchess.com"]
[Source "ChessBase"]
[SourceQuality "1"]
[TimeControl "40/5400+30:1800+30"]

1. e4 c5 2. Nf3 Nc6 3. c3 Nf6 4. e5 Nd5 5. Bc4 Nb6 6. Bb3 e6 7. d4 cxd4 8. cxd4 Bb4+ 9. Bd2 Bxd2+ 10. Qxd2 d6 11. O-O dxe5 12. dxe5 Qxd2 13. Nbxd2 O-O 14. Rfd1 Nb4 15. Ne4 Bd7 16. Nc5 Bc6 17. Nd4 N4d5 18. Nxc6 bxc6 19. Rac1 Rac8 20. g3 Rfe8 21. Ne4 Re7 22. Nd6 Rcc7 23. a4 a5 24. Rc5 h6 25. Rxa5 f6 26. exf6 gxf6 27. Nc4 Nxc4 28. Bxc4 Rb7 29. b3 Kf7 30. Rd4 Nc3 31. Rg4 Nd5 32. Ra8 e5 33. Rh8 Ke6 34. Rxh6 Rh7 35. Rxh7 Rxh7 36. h4 f5 37. Rg6+ Kd7 38. Bxd5 cxd5 39. Kf1 Rh8 40. Rf6 d4 41. Rxf5 Ke6 42. Rf3 e4 43. Rf4 Ke5 44. f3 e3 45. Re4+ Kd5 46. Ke2 Rc8 47. h5 Rc2+ 48. Kd1 d3 49. Rxe3 Kd4 50. Re4+ Kc3 51. Rc4+ Kb2 52. Rd4 Kc3 53. Rc4+ Kb2 54. g4 Rh2 55. b4 Kb3 56. Rc8 Kxb4 57. a5 Kxa5 58. Rd8 1-0

[Event "HUN-ch U8-U18 2019"]
[Site "Balatonlelle"]
[Date "2019.06.26"]
[Round "7.34"]
[White "Kovacs, Kristof"]
[Black "Kerekes, Laszlo Fulop"]
[Result "1/2-1/2"]
[ECO "C50"]
[WhiteElo "1435"]
[BlackElo "1320"]
[Annotator "NA RC"]
[PlyCount "60"]
[EventDate "2019.06.21"]
[EventType "swiss"]
[EventCountry "HUN"]
[SourceTitle "playchess.com"]
[Source "ChessBase"]
[SourceQuality "1"]
[TimeControl "40/5400+30:1800+30"]

1. e4 e5 2. Nf3 Nc6 3. Bc4 Nf6 4. d3 Bc5 5. Bg5 h6 6. Bh4 g5 7. Bg3 d6 8. h3 Bd7 9. Nbd2 Qe7 10. c3 O-O-O 11. a4 a5 12. Qb3 Be6 13. O-O Rdg8 14. Bxe6+ Qxe6 15. Qxe6+ fxe6 16. Nh2 h5 17. h4 gxh4 18. Bxh4 Ng4 19. Nxg4 Rxg4 20. Nf3 Rf8 21. Kh2 Rxf3 22. gxf3 Rxh4+ 23. Kg3 Rf4 24. Rh1 h4+ 25. Kg2 d5 26. Rae1 d4 27. Rh3 Kd7 28. Reh1 Be7 29. Rc1 Bg5 30. Rc2 Kd6 1/2-1/2

[Event "HUN-ch U8-U18 2019"]
[Site "Balatonlelle"]
[Date "2019.06.26"]
[Round "7.36"]
[White "Gencsi, David Sandor"]
[Black "Biro, Daniel"]
[Result "1-0"]
[ECO "C07"]
[WhiteElo "1038"]
[BlackElo "1343"]
[Annotator "NA RC"]
[PlyCount "77"]
[EventDate "2019.06.21"]
[EventType "swiss"]
[EventCountry "HUN"]
[SourceTitle "playchess.com"]
[Source "ChessBase"]
[SourceQuality "1"]
[TimeControl "40/5400+30:1800+30"]

1. e4 e6 2. d4 d5 3. Nd2 c5 4. Ngf3 Nc6 5. c3 Qb6 6. exd5 exd5 7. Nb3 cxd4 8. cxd4 Bb4+ 9. Bd2 Nf6 10. Qe2+ Be6 11. Qb5 Qxb5 12. Bxb5 Bxd2+ 13. Nbxd2 O-O 14. Bxc6 bxc6 15. Ne5 Rac8 16. Rc1 Bd7 17. Nb3 Rfe8 18. O-O Rc7 19. Rc2 Rec8 20. Rfc1 c5 21. dxc5 Bf5 22. Rd2 Ne4 23. Rxd5 Be6 24. Rd4 f5 25. c6 Rb8 26. Na5 h6 27. b3 Rb5 28. Nec4 Rc5 29. b4 Rb5 30. a3 Bxc4 31. Rdxc4 Rd5 32. h3 Rd2 33. f3 Nd6 34. R4c2 Rxc2 35. Rxc2 Nb5 36. a4 Nd4 37. Rc4 Ne6 38. b5 Nd8 39. Rd4 1-0

[Event "HUN-ch U8-U18 2019"]
[Site "Balatonlelle"]
[Date "2019.06.27"]
[Round "8.1"]
[White "Gombocz, Zsofia"]
[Black "Somogyi, Barbara"]
[Result "1/2-1/2"]
[ECO "B01"]
[WhiteElo "2077"]
[BlackElo "1577"]
[Annotator "NA RC"]
[PlyCount "99"]
[EventDate "2019.06.21"]
[EventType "swiss"]
[EventCountry "HUN"]
[SourceTitle "playchess.com"]
[Source "ChessBase"]
[SourceQuality "1"]
[TimeControl "40/5400+30:1800+30"]

1. e4 d5 2. exd5 Qxd5 3. Nf3 c6 4. d4 Nf6 5. Be2 Bg4 6. O-O Nbd7 7. c4 Qd6 8. Nc3 e6 9. Bg5 Be7 10. a3 O-O 11. Bh4 Qc7 12. c5 Rad8 13. Bg3 Qc8 14. Qa4 a6 15. Rfd1 Nh5 16. b4 Nxg3 17. hxg3 Bxf3 18. Bxf3 Nf6 19. Qb3 Rd7 20. a4 Rfd8 21. Ne2 Nd5 22. b5 Bf6 23. Ra2 Qc7 24. Rad2 axb5 25. axb5 Ra8 26. b6 Qd8 27. Ra2 Qe8 28. Rda1 Rdd8 29. Ra7 Rdb8 30. R1a4 Qc8 31. g4 Rxa7 32. Rxa7 Bg5 33. Ng3 Qd8 34. Ne4 Be7 35. Qa4 h6 36. Qa1 Kf8 37. Nd2 Kg8 38. Nc4 Qc8 39. Ne5 Bf6 40. Nc4 Be7 41. Qe1 Qd8 42. Na5 Qc8 43. Bxd5 cxd5 44. c6 bxc6 45. b7 Qe8 46. Qc1 Bd8 47. Qxc6 Qf8 48. Qc8 Bxa5 49. Qxf8+ Kxf8 50. Rxa5 1/2-1/2

[Event "HUN-ch U8-U18 2019"]
[Site "Balatonlelle"]
[Date "2019.06.26"]
[Round "8.1"]
[White "Markus, Molli Amina"]
[Black "Suli, Henrietta"]
[Result "1-0"]
[ECO "A37"]
[WhiteElo "1755"]
[BlackElo "1107"]
[Annotator "NA RC"]
[PlyCount "81"]
[EventDate "2019.06.21"]
[EventType "swiss"]
[EventCountry "HUN"]
[SourceTitle "playchess.com"]
[Source "ChessBase"]
[SourceQuality "1"]
[TimeControl "40/5400+30:1800+30"]

1. c4 c5 2. Nc3 Nc6 3. g3 g6 4. Bg2 Bg7 5. Nf3 e5 6. d3 Nge7 7. O-O O-O 8. Bd2 d6 9. Qc1 Be6 10. Bh6 Bxh6 11. Qxh6 Nf5 12. Qd2 d5 13. cxd5 Bxd5 14. Nxd5 Qxd5 15. e4 Qe6 16. exf5 Qxf5 17. Qc3 Nb4 18. Qxc5 Nxd3 19. Qb5 a6 20. Qb3 Nc5 21. Qe3 e4 22. Nd2 Rfe8 23. Nc4 Rad8 24. Rad1 Nd3 25. b3 h5 26. h4 f6 27. Qe2 b5 28. Ne3 Qe5 29. f4 exf3 30. Rxf3 f5 31. Rxd3 Qa1+ 32. Kh2 Rc8 33. Qd2 Rc1 34. Rd6 Rec8 35. Rxg6+ Kh7 36. Qd6 Rb1 37. Rh6+ Kg8 38. Qe6+ Kg7 39. Nxf5+ Kf8 40. Nd4+ Kg7 41. Qg6# 1-0

[Event "HUN-ch U8-U18 2019"]
[Site "Balatonlelle"]
[Date "2019.06.27"]
[Round "8.2"]
[White "Juhasz, Judit"]
[Black "Toth, Kincso"]
[Result "1-0"]
[ECO "B33"]
[WhiteElo "1963"]
[BlackElo "1494"]
[Annotator "NA RC"]
[PlyCount "79"]
[EventDate "2019.06.21"]
[EventType "swiss"]
[EventCountry "HUN"]
[SourceTitle "playchess.com"]
[Source "ChessBase"]
[SourceQuality "1"]
[TimeControl "40/5400+30:1800+30"]

1. e4 c5 2. Nf3 Nc6 3. d4 cxd4 4. Nxd4 Nf6 5. Nc3 e5 6. Ndb5 d6 7. Bg5 a6 8. Na3 b5 9. Nd5 Be7 10. Bxf6 Bxf6 11. c3 Ne7 12. Nc2 Bb7 13. Ncb4 Nc6 14. a4 Nxb4 15. Nxb4 O-O 16. Nd5 bxa4 17. Rxa4 a5 18. Bc4 Bg5 19. h4 Be7 20. g3 Kh8 21. O-O f5 22. exf5 Rxf5 23. Bd3 Rf7 24. Qh5 Qg8 25. Bxh7 Qxh7 26. Qxf7 Bxd5 27. Qxd5 Rb8 28. Rxa5 Qg6 29. Ra8 Rxa8 30. Qxa8+ Kh7 31. Re1 Qe6 32. Qe4+ Kg8 33. b4 Bf6 34. Rd1 Be7 35. Qd5 Kf7 36. c4 Kf6 37. b5 Qc8 38. b6 Qb8 39. b7 Qc7 40. Ra1 1-0

[Event "HUN-ch U8-U18 2019"]
[Site "Balatonlelle"]
[Date "2019.06.26"]
[Round "8.2"]
[White "Karacsonyi, Luca"]
[Black "Kiraly, Lilla Virag"]
[Result "0-1"]
[ECO "B19"]
[WhiteElo "1470"]
[BlackElo "1557"]
[Annotator "NA RC"]
[PlyCount "138"]
[EventDate "2019.06.21"]
[EventType "swiss"]
[EventCountry "HUN"]
[SourceTitle "playchess.com"]
[Source "ChessBase"]
[SourceQuality "1"]
[TimeControl "40/5400+30:1800+30"]

1. e4 c6 2. d4 d5 3. Nc3 dxe4 4. Nxe4 Bf5 5. Ng3 Bg6 6. h4 h6 7. Nf3 Nd7 8. h5 Bh7 9. Bd3 Bxd3 10. Qxd3 e6 11. Bd2 Ngf6 12. c4 Bd6 13. Ne4 Be7 14. Bc3 Qc7 15. Bd2 a6 16. g3 Rd8 17. Qe2 Nxe4 18. Qxe4 Nf6 19. Qe2 Qb6 20. Bc3 O-O 21. Qe5 Bb4 22. Qe3 Ng4 23. Qd2 Bxc3 24. Qxc3 Rd7 25. c5 Qc7 26. Rh4 Nf6 27. Ne5 Rd5 28. g4 Rfd8 29. O-O-O Ne4 30. Qe3 Nxc5 31. g5 hxg5 32. Qxg5 f6 33. h6 fxe5 34. hxg7 Qxg7 35. Qxg7+ Kxg7 36. Rg1+ Kf6 37. Rh6+ Ke7 38. Rh7+ Kd6 39. dxc5+ Rxc5+ 40. Kb1 Rd7 41. Rh6 Rf7 42. Rg2 e4 43. a3 Rcf5 44. Rgg6 Re7 45. Rg2 Kd5 46. Kc2 Ref7 47. Rhh2 Rf3 48. Kd2 Kd4 49. Kc2 Kc4 50. Kd2 Kd4 51. Kc2 e3 52. fxe3+ Rxe3 53. Rd2+ Kc5 54. b4+ Kb5 55. Rh5+ Kb6 56. a4 e5 57. Kb2 Rf4 58. b5 axb5 59. axb5 Rb4+ 60. Kc2 Rxb5 61. Rf2 Ra3 62. Rf1 e4 63. Rh4 e3 64. Re4 e2 65. Re1 Ra2+ 66. Kc3 Rbb2 67. Kd3 Rb3+ 68. Kc4 Ra4+ 69. Kxb3 Rxe4 0-1

[Event "HUN-ch U8-U18 2019"]
[Site "Balatonlelle"]
[Date "2019.06.27"]
[Round "8.3"]
[White "Koltai, Dora"]
[Black "Lukacs, Anna Kata"]
[Result "0-1"]
[ECO "C01"]
[WhiteElo "1773"]
[BlackElo "1915"]
[Annotator "NA RC"]
[PlyCount "110"]
[EventDate "2019.06.21"]
[EventType "swiss"]
[EventCountry "HUN"]
[SourceTitle "playchess.com"]
[Source "ChessBase"]
[SourceQuality "1"]
[TimeControl "40/5400+30:1800+30"]

1. e4 e6 2. d4 d5 3. exd5 exd5 4. c4 Nf6 5. Nc3 c6 6. Nf3 Bg4 7. c5 Nbd7 8. Bd3 Be7 9. O-O O-O 10. Re1 Re8 11. h3 Bh5 12. Bf4 b6 13. b4 a5 14. b5 Nb8 15. g4 Bg6 16. bxc6 Nxc6 17. Bb5 Nb4 18. Bxe8 Qxe8 19. Ne5 Qd8 20. Nxg6 hxg6 21. Qe2 Bf8 22. a3 Nc6 23. Bd6 Nxd4 24. Qd3 bxc5 25. Be5 Nb3 26. Bxf6 gxf6 27. Rab1 c4 28. Qxd5 Qxd5 29. Nxd5 Nd2 30. Rbc1 Nf3+ 31. Kf1 Nxe1 32. Kxe1 Rc8 33. Nb6 Bxa3 34. Rxc4 Rxc4 35. Nxc4 Bb4+ 36. Kd1 Kf8 37. Nb2 Ke7 38. Ke2 Ke6 39. f4 f5 40. g5 Kd5 41. Kd3 Be1 42. Kc2 Ke4 43. Nd3 Bg3 44. Ne5 Kxf4 45. Nxf7 Bh4 46. Kb3 Bxg5 47. Ka4 Bf6 48. Kxa5 Kg3 49. Kb5 Kxh3 50. Kc4 Kg2 51. Kd3 f4 52. Nd6 f3 53. Ne4 f2 54. Nxf2 Kxf2 55. Ke4 Kg3 0-1

[Event "HUN-ch U8-U18 2019"]
[Site "Balatonlelle"]
[Date "2019.06.26"]
[Round "8.3"]
[White "Kovacs, Veronika"]
[Black "Nandin-Erdene, Davaademberel"]
[Result "1-0"]
[ECO "A80"]
[WhiteElo "1162"]
[BlackElo "1581"]
[Annotator "NA RC"]
[PlyCount "111"]
[EventDate "2019.06.21"]
[EventType "swiss"]
[EventCountry "HUN"]
[SourceTitle "playchess.com"]
[Source "ChessBase"]
[SourceQuality "1"]
[TimeControl "40/5400+30:1800+30"]

1. d4 f5 2. Nc3 Nf6 3. Bg5 g6 4. e3 Bg7 5. Bc4 h6 6. Bxf6 Bxf6 7. Nge2 d6 8. Nf4 g5 9. Qh5+ Kd7 10. Be6+ Kc6 11. Qf3+ d5 12. Bxd5+ Kb6 13. Na4+ Ka5 14. Qe2 Qd7 15. Nc5 Qb5 16. Nxb7+ Bxb7 17. Qxb5+ Kxb5 18. Bxb7 gxf4 19. Bxa8 fxe3 20. fxe3 c6 21. d5 cxd5 22. Bxd5 Kc5 23. O-O-O Bg5 24. Rhe1 Na6 25. Be6 f4 26. exf4 Bxf4+ 27. Kb1 Bxh2 28. c3 Bd6 29. Rh1 Nc7 30. Rh5+ Kb6 31. Re1 Bf4 32. Rf5 Bg5 33. Bb3 Rc8 34. c4 Kc6 35. Ba4+ Kb6 36. b4 Bd2 37. Rxe7 Bxb4 38. Rg7 Bd2 39. Rg6+ Kb7 40. Bc6+ Kb8 41. Rg7 a6 42. Rf2 Bc3 43. Rh7 Ka7 44. Rff7 Be5 45. Rxh6 Rb8+ 46. Kc1 Rb4 47. Bd5 Kb8 48. Rhh7 Ne8 49. Re7 Nd6 50. Rxe5 Ra4 51. Re6 Nc8 52. Re8 Rb4 53. Be6 Rb7 54. Rxc8+ Ka7 55. Rxb7+ Kxb7 56. g4 1-0

[Event "HUN-ch U8-U18 2019"]
[Site "Balatonlelle"]
[Date "2019.06.26"]
[Round "8.4"]
[White "Beznicza, Mira"]
[Black "Gabor, Maria"]
[Result "1/2-1/2"]
[ECO "C62"]
[WhiteElo "1188"]
[BlackElo "1308"]
[Annotator "NA RC"]
[PlyCount "140"]
[EventDate "2019.06.21"]
[EventType "swiss"]
[EventCountry "HUN"]
[SourceTitle "playchess.com"]
[Source "ChessBase"]
[SourceQuality "1"]
[TimeControl "40/5400+30:1800+30"]

1. e4 e5 2. Nf3 Nc6 3. Bb5 d6 4. d4 a6 5. Ba4 b5 6. Bb3 Nxd4 7. Nxd4 exd4 8. Bd5 Rb8 9. Qxd4 Nf6 10. O-O Bd7 11. c3 Be7 12. Bb3 c5 13. Qe3 O-O 14. Bc2 Re8 15. h3 Bf8 16. Qf4 Bc6 17. Nd2 Nh5 18. Qg4 Nf6 19. Qf4 Qc7 20. b3 Rbc8 21. Bb2 d5 22. Qxc7 Rxc7 23. exd5 Nxd5 24. Rfe1 Rce7 25. Rxe7 Rxe7 26. Kf1 Nf4 27. g3 Nxh3 28. Re1 Bg2+ 29. Kxg2 Rxe1 30. Kxh3 Re2 31. Bc1 Rxf2 32. Bd3 Be7 33. c4 b4 34. g4 Bd6 35. g5 Rh2+ 36. Kg4 Rg2+ 37. Kf3 Rg3+ 38. Ke2 Bf4 39. Nf1 Rxd3 40. Bxf4 Rc3 41. Bd6 Rc2+ 42. Nd2 Rxa2 43. Bxc5 a5 44. Bd4 a4 45. bxa4 Rxa4 46. c5 Ra2 47. c6 Rc2 48. c7 Rxc7 49. Be3 b3 50. Nxb3 Rc3 51. Nd4 Kf8 52. Kd2 Rc8 53. Nb3 Ke8 54. Nc5 Ke7 55. Kd3 f6 56. gxf6+ Kxf6 57. Bd4+ Kf5 58. Nb7 Kg6 59. Nc5 h5 60. Ke3 Rd8 61. Ke4 Rxd4+ 62. Kxd4 Kf5 63. Ke3 g5 64. Ne4 h4 65. Nxg5 Kxg5 66. Kf3 Kf5 67. Kg2 Kg4 68. Kh2 h3 69. Kg1 Kg3 70. Kh1 h2 1/2-1/2